 Dungeon Crawl Stone Soup version 0.30.1-11-g7821555f0a (webtiles) character file.

Game seed: 12598244584652801559

225 Conan the Covered (level 6, -2/47 HPs)
             Began as a Human Fighter on Nov 28, 2023.
             Killed from afar by Ijyb (11 damage)
             ... with a puff of flame
             ... on level 4 of the Dungeon.
             The game lasted 00:03:29 (1019 turns).

Conan the Covered (Human Fighter)                   Turns: 1019, Time: 00:03:30

Health: -2/47      AC:  7    Str: 17    XL:     6   Next: 21%
Magic:  6/6        EV:  9    Int: 10    God:
Gold:   120        SH:  4    Dex: 12    Spells: 5/5 levels left

rFire   . . .        a - +0 long sword
rCold   . . .        c - +0 buckler
rNeg    . . .        b - +0 scale mail
rPois   .            (no helmet)
rElec   .            (no cloak)
rCorr   +            (no gloves)
SInv    .            (no boots)
Will    .....        (no amulet) Stlth
                     d - ring of resist corrosion
HPRegen 0.27/turn    (no ring)
MPRegen 0.10/turn

%: no passive effects
@: no status effects
A: no striking features
a: no special abilities


You were on level 4 of the Dungeon.
You visited 1 branch of the dungeon, and saw 4 of its levels.

You collected 120 gold pieces.

Inventory:

Hand Weapons
 a - a +0 long sword (weapon)
Armour
 b - a +0 scale mail (worn)
 c - a +0 buckler (worn)
Jewellery
 d - a ring of resist corrosion (left hand)
Scrolls
 e - a scroll of identify


   Skills:
 * Level 3.6 Fighting
 * Level 3.6 Long Blades
 * Level 3.7 Armour
 * Level 1.6 Dodging
 * Level 1.6 Stealth
 * Level 3.5 Shields
 * Level 1.1 Evocations


You had 5 spell levels left.
You didn't know any spells.
Your spell library was empty.

Dungeon Overview and Level Annotations

Branches:
Dungeon (4/15)
 Temple: D:4-7

Altars:

Annotations:
D:4 Ijyb


Message History

You barely miss the orc. The orc barely misses you.
The orc hits you but does no damage.
You slash the orc!
You kill the orc!
You block the orc's attack.
You hit the orc priest.
The orc priest is lightly wounded.
The orc priest hits you with a +0 falchion.
The orc hits you with a +0 whip. x2
The orc priest invokes the aid of Beogh against you.
Pain shoots through your body!
You hit the orc priest.
The orc priest is lightly wounded.
The orc priest begins to cast a cantrip, but forgets the words!
The orc hits you but does no damage.
You hit the orc priest.
The orc priest is heavily wounded.
The orc priest hits you with a +0 falchion.
The orc hits you but does no damage.
You hit the orc priest.
The orc priest is severely wounded.
The orc priest mumbles some strange prayers to Beogh against you.
Beogh smites you! The orc hits you with a +0 whip.
You slash the orc priest!
You kill the orc priest!
Ijyb zaps a wand.
The puff of flame hits you.
* * * LOW HITPOINT WARNING * * *
The orc hits you but does no damage. You block the orc's attack.
You barely miss Ijyb. Ijyb hits you with a +0 dagger.
* * * LOW HITPOINT WARNING * * *
The orc closely misses you.
Unknown command.
Ijyb attacks as you move away! You block Ijyb's attack.
The orc barely misses you.
You hit the orc.
You kill the orc!
Ijyb zaps a wand.
The puff of flame hits you.
* * * LOW HITPOINT WARNING * * *
Ijyb zaps a wand.
The puff of flame hits you!
You die...

........#......# #
####....#.)....#
#....#......#
#....#......# ####
#.####......# ...##
##.# ###)####
....###..# #g##
.#...<..## #.)#
......### ##@##
.......###### #..#
####....)...#####.#
########.......#
#########


You could see Ijyb.

Vanquished Creatures
  A scorpion (D:4)
  2 orc priests (D:4)
  A hound (D:4)
  Natasha (D:2)
  An orc wizard (D:4)
  An adder (D:4)
  3 orcs
  2 ball pythons
  5 endoplasms
  A giant cockroach (D:1)
  A goblin (D:1)
  A hobgoblin (D:2)
  6 jackals
  A quokka (D:4)
  A bat (D:2)
  2 kobolds
  A rat (D:1)
31 creatures vanquished.

Notes
Turn   | Place    | Note
-------+----------+-------------------------------------------
     0 | D:1      | Conan the Human Fighter began the quest for the Orb.
     0 | D:1      | Reached XP level 1. HP: 18/18 MP: 1/1
   135 | D:1      | Reached XP level 2. HP: 4/24 MP: 2/2
   332 | D:2      | Noticed Natasha
   370 | D:2      | Killed Natasha
   371 | D:2      | Reached XP level 3. HP: 6/29 MP: 3/3
   488 | D:2      | Reached skill level 1 in Dodging
   635 | D:3      | Reached XP level 4. HP: 31/35 MP: 4/4
   656 | D:4      | Noticed a scorpion
   662 | D:4      | Killed a scorpion
   663 | D:4      | Reached skill level 1 in Stealth
   663 | D:4      | Reached XP level 5. HP: 41/41 MP: 5/5
   802 | D:4      | HP: 1/41 [something (3)]
   810 | D:4      | Reached skill level 1 in Evocations
   810 | D:4      | Reached XP level 6. HP: 4/47 MP: 6/6
   998 | D:4      | Noticed Ijyb
  1019 | D:4      | Killed from afar by Ijyb

Illustrated notes

Levels and vault maps discovered:
D:1:      saegor_arrival_fortress, layout_loops_cross, basic_ecumenical_altar
D:2:      kennysheep_six_static_rooms, layout_loops_ring, uniq_natasha
D:3:      layout_basic
D:4:      layout_rooms, elyvilon_altar_5, nicolae_ru_great_annihilating_truth,
          uniq_ijyb

Skill      XL: |  1  2  3  4  5 |
---------------+----------------+-----
Dodging        | 1 |  1.6
Long Blades    | 3 |  3.6
Stealth        | 1 |  1.6
Evocations     | 1 |  1.1
Fighting       | |  3.6
Armour         | |  3.7
Shields        | |  3.5

Action                     |  1- 3 |  4- 6 || total
---------------------------+-------+-------++-------
  Melee: Long sword        |    71 |    42 ||   113
  Evoke: Wand              |     5 |     6 ||    11
    Use: Potion            |       |     2 ||     2
         Scroll            |       |     1 ||     1
 Armour: Scale mail        |    46 |    32 ||    78
  Dodge: Dodged            |    48 |    31 ||    79
  Block: Buckler           |    22 |    14 ||    36
